 Dungeon Crawl Stone Soup version 0.31-a0-806-g0bc164a743 (webtiles) character file.

Game seed: 6366403245397771254

1498 Descartes the Blocker (level 9, 0/71 HPs)
             Began as a Formicid Fighter on Sept 21, 2023.
             Was an Initiate of Gozag.
             Slain by a steam dragon (6 damage)
             ... on level 5 of the Dungeon.
             The game lasted 00:06:55 (3992 turns).

Descartes the Blocker (Formicid Fighter)            Turns: 3992, Time: 00:06:55

Health: 0/71       AC: 11    Str: 28    XL:     9   Next: 8%
Magic:  9/9        EV:  8    Int:  8    God:    Gozag
Gold:   501        SH: 16    Dex: 18    Spells: 8/8 levels left

rFire   . . .        a - +0 war axe
rCold   . . .        n - +0 tower shield
rNeg    . . .        p - +2 scale mail of Fikiano {Str+3 Dex+5}
rPois   .            (helmet unavailable)
rElec   .            x - +0 cloak
rCorr   .            (no gloves)
SInv    +            (no boots)
Will    .....        (no amulet) Stlth
                     (no ring)
HPRegen 0.31/turn    (no ring)
MPRegen 0.11/turn

%: no passive effects
@: mighty
A: permanent stasis, dig shafts and tunnels, antennae 3, four strong arms
a: Dig, Shaft Self, Renounce Religion, Potion Petition, Call Merchant, Bribe
Branch


You were on level 5 of the Dungeon.
You worshipped Gozag.
Gozag was pleased with you.
You visited 2 branches of the dungeon, and saw 6 of its levels.
You also visited: Sewer.

You collected 576 gold pieces.
You paid 75 gold pieces to Gozag.

Inventory:

Hand Weapons
 a - a +0 war axe (weapon)
 h - a +2 antimagic short sword
Missiles
 g - 8 poisoned darts
 s - 4 datura-tipped darts
Armour
 n - a +0 tower shield (worn)
 p - the +2 scale mail of Fikiano (worn) {Str+3 Dex+5}
   (You found it on level 3 of the Dungeon)

   Str+3:     It affects your strength (+3).
   Dex+5:     It affects your dexterity (+5).
 r - a +0 troll leather armour {Pargi}
 x - a +0 cloak (worn)
Jewellery
 u - a ring of fire
Wands
 m - a wand of paralysis (2)
Scrolls
 b - a scroll of brand weapon {unknown}
 c - a scroll of enchant weapon {unknown}
 f - 2 scrolls of teleportation {unknown}
 j - 3 scrolls of vulnerability
 k - 2 scrolls of amnesia
 v - a scroll of immolation {unknown}
 w - a scroll of torment {unknown}
 y - 2 scrolls of blinking {unknown}
Potions
 d - 2 potions of might
 e - 2 potions of lignification
 i - a potion of cancellation {unknown}
 l - a potion of attraction {unknown}
 q - a potion of magic {unknown}
 t - a potion of heal wounds {unknown}
 z - a potion of mutation {unknown}


   Skills:
 + Level 6.7 Fighting
 + Level 5.6 Axes
 + Level 6.6 Armour
 + Level 8.0 Shields


You had 8 spell levels left.
You didn't know any spells.
Your spell library was empty.

Dungeon Overview and Level Annotations

Branches:
Dungeon (5/15)             Temple (1/1) D:4           Sewer (visited)

Altars:
Ashenzari
Cheibriados
Dithmenos
Elyvilon
Fedhas
Gozag
Hepliaklqana
Kikubaaqudgha
Makhleb
Nemelex Xobeh
Okawaru
Qazlal
Sif Muna
Trog
Uskayaw
Vehumet
Wu Jian
Xom
Yredelemnul
Zin
The Shining One

Shops:
D:2 !


Innate Abilities, Weirdness & Mutations

You cannot be hasted, slowed, berserked, paralysed or teleported.
You can dig through walls and to a lower floor.
You have a pair of large antennae on your head. (SInv)
Your four strong arms can wield two-handed weapons with a shield.


Message History

Unknown command.
You slash the kobold brigand!
The kobold brigand is severely wounded.
The kobold brigand closely misses you.
You hit the kobold brigand.
The kobold brigand is severely wounded.
The kobold brigand hits you but does no damage.
You block the kobold brigand's attack.
You miss the kobold brigand.
The kobold brigand is severely wounded.
The kobold brigand is distracted by your dazzling golden aura.
Unknown command.
You closely miss the kobold brigand.
The kobold brigand is no longer distracted by gold.
The kobold brigand shouts!
The kobold brigand is severely wounded.
You block the kobold brigand's attack. You block the steam dragon's attack. x2
You hit the steam dragon but do no damage.
You hit the troll but do no damage. The steam dragon barely misses you.
You block the steam dragon's attack. You block the troll's attack.
The troll claws you. x2
Unknown command.
You hit the steam dragon but do no damage.
You barely miss the troll. You block the steam dragon's attack.
The steam dragon claws you but does no damage.
The troll bites you. The troll claws you. You block the troll's attack.
You hit the steam dragon but do no damage.
You slash the troll! You block the steam dragon's attack.
The steam dragon claws you but does no damage.
You block the troll's attack. The troll claws you!
* * * LOW HITPOINT WARNING * * *
You block the troll's attack. The troll bites you!
* * * LOW HITPOINT WARNING * * *
The troll claws you but does no damage. The troll claws you.
* * * LOW HITPOINT WARNING * * *
You block the steam dragon's attack. The steam dragon barely misses you.
You feel very mighty all of a sudden. The steam dragon bites you.
You die...
Your body crumbles into a pile of gold.

.## ### ...######
#.. ......## #.#
#.##..### #.#
#OT@#...###.#####
#TK##D#......##..#
#.S#
#.##.####.##.##
#.# ..#..## #.##.#
. ..##..# #.##.#
... ...# #.##.# #.
..#########.##.# .
. ...........#
#######.####


You could see a two-headed ogre, 2 trolls, a steam dragon, a kobold brigand and
an adder.

Vanquished Creatures
  Sigmund (D:4)
  An ice beast (D:5)
  Pargi (Sewer)
  2 ogres
  A centaur (D:5)
  A phantom (D:4)
  A gnoll sergeant (D:5)
  4 scorpions
  3 hounds
  A sleepcap (D:5)
  A jelly (D:5)
  Jessica (D:3)
  4 iguanas (D:5)
  3 orc wizards (D:5)
  8 adders
  2 ufetubi (D:5)
  A worm (D:2)
  4 dart slugs
  4 orcs
  5 bats
  7 endoplasms
  4 giant cockroaches
  5 goblins
  6 hobgoblins
  13 jackals
  2 quokkas
  5 ball pythons
  2 frilled lizards
  4 kobolds
  6 rats
103 creatures vanquished.

Notes
Turn   | Place    | Note
-------+----------+-------------------------------------------
     0 | D:1      | Descartes the Formicid Fighter began the quest for the Orb.
     0 | D:1      | Reached XP level 1. HP: 18/18 MP: 1/1
     7 | D:1      | Found a faded altar of an unknown god.
   198 | D:1      | Reached XP level 2. HP: 23/24 MP: 2/2
   786 | D:2      | Reached XP level 3. HP: 27/29 MP: 3/3
   818 | D:2      | Found Naopakick's Distillery.
  1363 | D:3      | Reached XP level 4. HP: 34/37 MP: 4/4
  1405 | D:3      | Identified the +2 scale mail of Fikiano {Str+3 Dex+5}
  1437 | D:3      | Found a glowing drain.
  1462 | Sewer    | Entered a sewer
  1522 | Sewer    | Noticed Pargi
  1531 | Sewer    | Killed Pargi
  1532 | Sewer    | Reached skill level 5 in Shields
  1532 | Sewer    | Reached XP level 5. HP: 33/43 MP: 5/5
  1652 | D:3      | Reached XP level 6. HP: 47/49 MP: 6/6
  1738 | D:3      | Noticed Jessica
  1744 | D:3      | Killed Jessica
  2158 | D:4      | Found a staircase to the Ecumenical Temple.
  2178 | Temple   | Entered the Ecumenical Temple
  2205 | Temple   | Became a worshipper of Gozag Ym Sagoz the Greedy
  2234 | D:4      | Identified the +4 dagger of Indignation {chaos, rPois rC-
                  | Dex+5 Stlth+}
  2240 | D:4      | Noticed an ogre
  2250 | D:4      | Killed an ogre
  2251 | D:4      | Reached skill level 6 in Shields
  2251 | D:4      | Reached XP level 7. HP: 25/55 MP: 7/7
  2396 | D:4      | Noticed Sigmund
  2402 | D:4      | Reached skill level 5 in Fighting
  2406 | D:4      | Killed Sigmund
  2407 | D:4      | Reached skill level 5 in Armour
  3207 | D:5      | Entered Level 5 of the Dungeon
  3288 | D:5      | Reached XP level 8. HP: 60/63 MP: 8/8
  3379 | D:5      | Reached skill level 7 in Shields
  3434 | D:5      | Reached skill level 5 in Axes
  3844 | D:5      | Reached XP level 9. HP: 71/71 MP: 9/9
  3893 | D:5      | Reached skill level 8 in Shields
  3981 | D:5      | Noticed a troll
  3982 | D:5      | Noticed a two-headed ogre
  3982 | D:5      | Noticed a troll
  3992 | D:5      | Slain by a steam dragon

Illustrated notes

Levels and vault maps discovered:
D:1:      shiori_arrival_maze, layout_loops_ring, basic_ecumenical_altar
D:2:      layout_rooms, serial_shops, shop
D:3:      layout_rooms, gup_sewer_entry_glass, kennysheep_boxes, uniq_jessica
D:4:      layout_basic, minmay_temple_entry_tees, serial_bayou,
          serial_bayou_pond_d, serial_bayou_pond_b, serial_bayou_pond_e,
          serial_bayou_lagoon_b, uniq_sigmund
D:5:      minmay_recursive_quarters, layout_loops_ring, minmay_strange_pillars,
          minmay_manual_mess
Temple:   compressed_dpeg_circular_temple

Skill      XL: |  1  2  3  4  5  6  7  8  9 |
---------------+----------------------------+-----
Fighting       | 4 5 6 |  6.7
Armour         | 4 5 6 |  6.6
Axes           | 3 4 5 |  5.6
Shields        | 5 6 7 8 |  8.0

Action                     |  1- 3 |  4- 6 |  7- 9 || total
---------------------------+-------+-------+-------++-------
  Melee: War axe           |   100 |    81 |   175 ||   356
Ability: Dig               |       |       |     1 ||     1
    Use: Scroll            |     2 |       |       ||     2
         Potion            |       |       |     3 ||     3
 Armour: Scale mail        |    79 |    68 |    90 ||   237
         Skin              |       |       |     5 ||     5
  Dodge: Dodged            |    57 |    22 |    36 ||   115
  Block: Buckler           |    32 |       |       ||    32
         Tower shield      |       |    74 |   181 ||   255

Table legend: (Time is in decaauts)
 A = Elapsed time spent in this place.
 B = Non-inter-level travel time spent in this place.
 C = Inter-level travel time spent in this place.
 D = Time resting spent in this place.
 E = Time spent auto-exploring this place.
 F = Levels seen in this place.
 G = Mean time per level.
                   A        B        C        D        E       F      G
               +--------+--------+--------+--------+--------+-----+--------+
         Total |   4202 |   4097 |    105 |      0 |   2996 |   7 |  600.3 |
       Dungeon |   3988 |   3889 |     99 |      0 |   2849 |   5 |  797.6 |
        Temple |     37 |     31 |      6 |      0 |     20 |   1 |   37.0 |
         Sewer |    177 |    177 |      0 |      0 |    127 |   1 |  177.0 |
               +--------+--------+--------+--------+--------+-----+--------+

Top non-repeatable levels by time:
     D:4: 1182 daAuts
     D:5: 849 daAuts
     D:1: 782 daAuts
     D:3: 734 daAuts
     D:2: 439 daAuts
   Sewer: 177 daAuts
  Temple: 37 daAuts
